[Event "*** SCC Grand Prix: Titled Tuesday Blitz"]
[Site "Chess.com"]
[Date "2020.10.13"]
[Round "10"]
[White "MPGM"]
[Black "tlomigtlis"]
[Result "1-0"]
[WhiteElo "2452"]
[BlackElo "2606"]
[TimeControl "180+1"]
[EndTime "11:54:38 PDT"]
[Termination "MPGM won by checkmate"]

1. c4 Nf6 2. Nc3 c6 3. e4 d5 4. cxd5 cxd5 5. exd5 Nxd5 6. Nf3 Nc6 7. d4 g6 8. Bc4 Nb6 9. Bb3 Bg7 10. d5 Na5 11. O-O O-O 12. Re1 Bg4 13. h3 Bxf3 14. Qxf3 Nxb3 15. axb3 Qd7 16. Bg5 f6 17. Be3 Nc8 18.
Ra4 b6 19. Re4 Nd6 20. Re6 Nf7 21. Bf4 Rfe8 22. Qe2 Bf8 23. d6 Nd8 24. Rxf6 Bg7 25.
Nd5 Nc6 26. Qe6+ Qxe6 27. Rfxe6 Kf7 28. d7 Red8 29. Rxc6 Rxd7 30. Ne3 Rad8 31. Nc4 b5 32.
Ne5+ Bxe5 33. Rxe5 Rd1+ 34. Kh2 Rf1 35. Be3 Rb1 36. Rc7 Re8 37. Rxa7 Rxb2 38. Rxb5 Rc8 39. Rbb7 Re8 40. Bc5 Rb1 41. Rxe7+ Rxe7 42. Rxe7+ Kf6 43.
Rb7 Kf5 44. Be3 Ke4 45. b4 Kd3 46. b5 Ke2 47. b6 h5 48. Rg7 h4 49. b7 Kf1 50.
Ba7 Rb3 51. b8=Q Rxb8 52. Bxb8 g5 53. Rxg5 Ke2 54. f4 Kf1 55. f5 Ke2 56. f6 Kf1 57. f7 Ke2 58. f8=Q Ke1 59. Re5+ Kd2 60. Qb4+ Kd3 61. Qe4+ Kc3 62. Rc5+ Kb3 63. Qc2+ Ka3 64. Bd6 Kb4 65. Rh5# 1-0

[Event "*** SCC Grand Prix: Titled Tuesday Blitz"]
[Site "Chess.com"]
[Date "2020.10.13"]
[Round "10"]
[White "anpospan"]
[Black "FMalexhdez"]
[Result "1-0"]
[WhiteElo "2385"]
[BlackElo "2271"]
[TimeControl "180+1"]
[EndTime "11:54:39 PDT"]
[Termination "anpospan won on time"]

1. Nf3 d5 2. g3 Nf6 3. Bg2 g6 4. O-O Bg7 5. d4 O-O 6. Nbd2 c6 7. c3 a5 8. Ne5 Nfd7 9. f4 Nxe5 10. fxe5 f6 11.
exf6 Rxf6 12. Rxf6 exf6 13. e4 Be6 14. Qb3 Qd7 15. exd5 Bxd5 16. Bxd5+ cxd5 17. Ne4 a4 18. Qc2 dxe4 19. Qxe4 Nc6 20. Bf4 Re8 21. Qc2 Ne7 22. Re1 Nd5 23. Rxe8+ Qxe8 24. Kf2 f5 25. Qd3 Qe4 26.
Qc4 h6 27. Qc8+ Kh7 28. Qxb7 Nxf4 29. Qxe4 Nh3+ 30. Kg2 fxe4 31. Kxh3 g5 32. Kg2 Kg6 33. g4 Kf6 34. Kf2 Ke6 35. Ke3 Kd5 36. b3 a3 37.
c4+ Ke6 38. Kxe4 Bf8 39. c5 Kd7 40. Kd5 Be7 41. b4 Bf6 42. b5 Kc7 43. b6+ Kb7 44. h3 1-0

[Event "*** SCC Grand Prix: Titled Tuesday Blitz"]
[Site "Chess.com"]
[Date "2020.10.13"]
[Round "10"]
[White "kakakz"]
[Black "paulrusan"]
[Result "1-0"]
[WhiteElo "2367"]
[BlackElo "2234"]
[TimeControl "180+1"]
[EndTime "11:54:39 PDT"]
[Termination "kakakz won by checkmate"]

1. d4 Nf6 2. c4 g6 3. Nc3 Bg7 4. e4 d6 5. Nf3 O-O 6. Be2 Bg4 7. Be3 Nfd7 8. Qd2 Nc6 9. d5 Bxf3 10. gxf3 Nb4 11. Nb5 Na6 12. Bd4 c6 13. Bxg7 Kxg7 14. Nd4 Qb6 15. a3 cxd5 16. cxd5 Rac8 17. b4 Ne5 18. h4 h5 19. f4 Nc4 20. Qc3 Ne5 21.
Qb2 Nc5 22. fxe5 dxe5 23. Nb5 f6 24. bxc5 Qxc5 25. Rh3 a6 26. Nc3 b5 27. Nd1 e6 28.
Rc3 Qb6 29. Rac1 Rxc3 30. Nxc3 Qd4 31. Qd2 exd5 32. Qxd4 exd4 33. Nxd5 f5 34. Rc7+ Kh6 35.
exf5 Rxf5 36. Ne7 Rf7 37. Nd5 Rf5 38. Rd7 Re5 39. Kd2 a5 40. Bxb5 d3 41. Bxd3 g5 42.
Rh7# 1-0

[Event "*** SCC Grand Prix: Titled Tuesday Blitz"]
[Site "Chess.com"]
[Date "2020.10.13"]
[Round "10"]
[White "tsvet2005"]
[Black "AlexSuv"]
[Result "1-0"]
[WhiteElo "2717"]
[BlackElo "2538"]
[TimeControl "180+1"]
[EndTime "11:54:40 PDT"]
[Termination "tsvet2005 won by checkmate"]

1. d4 Nf6 2. c4 e6 3. Nc3 Bb4 4. f3 d5 5. a3 Bxc3+ 6. bxc3 O-O 7. cxd5 exd5 8. e3 c5 9. Bd3 b6 10. Ne2 Ba6 11. O-O Re8 12. Ng3 Bxd3 13. Qxd3 Nc6 14. Bb2 h5 15. Rad1 Rc8 16. Nh1 Qe7 17. Rfe1 h4 18. Nf2 Nh5 19. Qf5 Nf6 20. e4 cxd4 21. cxd4 Rcd8 22. e5 Nh7 23. Bc1 Rc8 24. f4 g6 25. Qd3 Qe6 26. Qf3 Ne7 27. g4 hxg3 28. hxg3 Rc2 29. g4 Rec8 30. Qg3 Qd7 31. Be3 Kf8 32.
Qh4 Kg8 33. Kh1 R2c3 34. Kg2 Kg7 35. f5 gxf5 36. Qh6+ Kg8 37. Rh1 fxg4 38. Qxh7+ Kf8 39. Bh6+ Ke8 40. Qh8+ Ng8 41. Qxg8+ Ke7 42. Bg5+ Ke6 43. Rh6+ Kf5 44. Rf6# 1-0

[Event "*** SCC Grand Prix: Titled Tuesday Blitz"]
[Site "Chess.com"]
[Date "2020.10.13"]
[Round "10"]
[White "Loy_Konstantin"]
[Black "PotapovaM"]
[Result "0-1"]
[WhiteElo "2366"]
[BlackElo "2535"]
[TimeControl "180+1"]
[EndTime "11:54:41 PDT"]
[Termination "PotapovaM won on time"]

1. e4 c5 2. Nf3 d6 3. d4 cxd4 4. Qxd4 Nc6 5. Bb5 Bd7 6. Bxc6 Bxc6 7. Nc3 Nf6 8. Bg5 e6 9. O-O-O Be7 10. Rhe1 O-O 11. e5 dxe5 12. Qh4 Qc7 13. Nxe5 Rfd8 14. Ng4 Rxd1+ 15. Rxd1 Nxg4 16. Bxe7 Nh6 17. Bd6 Nf5 18. Bxc7 Nxh4 19. g3 Nf3 20. h4 Kf8 21. Rd8+ Rxd8 22. Bxd8 Ke8 23. Bc7 f6 24. Bf4 g5 25. hxg5 fxg5 26.
Be3 h5 27. Kd1 h4 28. gxh4 gxh4 29. Ke2 h3 30. Kf1 e5 31. Bxa7 Ne1 32. Kg1 Bg2 33.
Kh2 Nf3+ 34. Kg3 Bf1 0-1

[Event "*** SCC Grand Prix: Titled Tuesday Blitz"]
[Site "Chess.com"]
[Date "2020.10.13"]
[Round "10"]
[White "glebus008"]
[Black "shnitez"]
[Result "1/2-1/2"]
[WhiteElo "2328"]
[BlackElo "2492"]
[TimeControl "180+1"]
[EndTime "11:54:42 PDT"]
[Termination "Game drawn by repetition"]

1. e4 c5 2. Nf3 e6 3. g3 b6 4. Bg2 Bb7 5. Qe2 Nf6 6. d3 d5 7.
Nbd2 dxe4 8. Nxe4 Nxe4 9. dxe4 Ba6 10. Qe3 Nc6 11. c3 Be7 12. Bf1 Qc8 13. Bxa6 Qxa6 14. Qe2 Qb7 15. O-O O-O 16. Bf4 Rfd8 17. Rfd1 h6 18.
h4 b5 19. Rxd8+ Rxd8 20. Rd1 Rxd1+ 21. Qxd1 Na5 22. Qe2 c4 23. Nd4 Qd7 24. a3 a6 25.
Kg2 Bc5 26. Be3 Bxd4 27. Bxd4 Nc6 28. Qe3 e5 29. Bb6 Qd6 30. Bc5 Qd1 31. Bb4 Qc2 32. Qf3 Qxb2 33. Qf5 Nxb4 34. Qc8+ Kh7 35. Qf5+ Kh8 36.
Qc8+ Kh7 37. Qf5+ Kg8 38. Qc8+ Kh7 1/2-1/2

[Event "*** SCC Grand Prix: Titled Tuesday Blitz"]
[Site "Chess.com"]
[Date "2020.10.13"]
[Round "10"]
[White "As0nchess"]
[Black "simplerXiao"]
[Result "1-0"]
[WhiteElo "2614"]
[BlackElo "2422"]
[TimeControl "180+1"]
[EndTime "11:54:43 PDT"]
[Termination "As0nchess won by checkmate"]

1. e4 c5 2. Nf3 e6 3. Nc3 Nc6 4. d4 cxd4 5. Nxd4 Nf6 6. Ndb5 d6 7. Bf4 e5 8. Bg5 a6 9. Na3 b5 10. Nd5 Be7 11. Bxf6 Bxf6 12. c3 O-O 13. Nc2 Bg5 14. a4 bxa4 15. Rxa4 a5 16. Bc4 Rb8 17. b3 Be6 18. Nce3 g6 19. h4 Bf4 20. h5 Kg7 21. g3 Bg5 22. f4 exf4 23. gxf4 Bh4+ 24. Kd2 f5 25. hxg6 hxg6 26. exf5 Bxf5 27. Nxf5+ Rxf5 28. Qg4 Rh5 29. Rg1 Qe8 30. Qxh5 Qe1+ 31. Rxe1 Bxe1+ 32. Kxe1 gxh5 33. Ra2 Kg6 34. Rg2+ Kf5 35. Rg5+ Ke4 36.
Rxh5 a4 37. bxa4 Rb1+ 38. Kd2 Ra1 39. Bb5 Na5 40. Nf6+ Kxf4 41. Nd5+ Ke4 42. Bd3+ Kf3 43. Rf5+ Kg3 44. Nb6 Nb3+ 45. Kc2 Nc5 46. Bb5 Ra2+ 47. Kb1 Ra3 48. Kb2 Rb3+ 49. Kc2 Ra3 50. Rd5 Ra2+ 51.
Kb1 Rh2 52. Rxd6 Ne4 53. Rd3+ Kf4 54. a5 Nc5 55. Rd4+ Ke3 56. Nd5+ Kf3 57. a6 Nb3 58.
Rf4+ Kg3 59. a7 Nd2+ 60. Kc2 Nc4+ 61. Kb3 Nb6 62. Nxb6 Kxf4 63. a8=Q Rh5 64. Qb8+ Ke3 65. Qg3+ Kd2 66. Qf4+ Ke1 67. Qe3+ Kd1 68. Qe2+ Kc1 69. Qc2# 1-0

[Event "*** SCC Grand Prix: Titled Tuesday Blitz"]
[Site "Chess.com"]
[Date "2020.10.13"]
[Round "10"]
[White "FMJoseHerrera"]
[Black "karenzadita"]
[Result "0-1"]
[WhiteElo "2545"]
[BlackElo "2385"]
[TimeControl "180+1"]
[EndTime "11:54:43 PDT"]
[Termination "karenzadita won on time"]

1. Nf3 c5 2. g3 g6 3. Bg2 Bg7 4. d3 Nc6 5. Nc3 Nf6 6. h4 h5 7. e4 d6 8. Bg5 O-O 9. Qd2 Bg4 10. O-O Bxf3 11. Bxf3 Nd4 12. Bg2 b5 13. e5 dxe5 14.
Bxa8 Qxa8 15. f3 Nxf3+ 16. Rxf3 Qxf3 17. Qg2 Qxg2+ 18. Kxg2 b4 19. Ne4 Nxe4 20. dxe4 f6 21. Be3 Rc8 22. Rd1 Kf7 23. Rd7 a6 24. Ra7 Rc6 25.
Kf3 f5 26. Rd7 Ke6 27. Rd5 c4 28. Ra5 Bf6 29. Bc5 c3 30. b3 f4 31. Bxb4 fxg3 32.
Kxg3 g5 33. hxg5 Bxg5 34. Bc5 Kf6 35. b4 Kg6 36. a4 h4+ 37. Kg4 Rf6 38. Kh3 Rf3+ 39. Kg2 Rf4 40. Rxa6+ Kh5 41. b5 Kg4 42. b6 h3+ 43. Kg1 Kg3 0-1

[Event "*** SCC Grand Prix: Titled Tuesday Blitz"]
[Site "Chess.com"]
[Date "2020.10.13"]
[Round "10"]
[White "VladimirBugayev"]
[Black "rugbyclub"]
[Result "1-0"]
[WhiteElo "2340"]
[BlackElo "2201"]
[TimeControl "180+1"]
[EndTime "11:54:43 PDT"]
[Termination "VladimirBugayev won on time"]

1. e4 e5 2. Nf3 Nc6 3. d4 exd4 4.
Nxd4 Nf6 5. Nxc6 bxc6 6. e5 Qe7 7. Qe2 Nd5 8. h4 a5 9. c4 Ba6 10. g3 g6 11. f4 Bg7 12. h5 Nb6 13. Nd2 O-O-O 14.
h6 Bf8 15. b3 f5 16. Bb2 Qe6 17. O-O-O Bc5 18. Nf3 Rhe8 19. Ng5 Qg8 20. Qd2 Bb4 21. Bc3 Bxc3 22. Qxc3 a4 23. Bg2 Bb7 24. c5 Nd5 25. Bxd5 cxd5 26. e6 axb3 27. axb3 dxe6 28. c6 Ba8 29.
Qa5 Bxc6 30. Rh2 Qh8 31. Rc2 Re7 32. Rxc6 Kb7 33. Qb5+ Kc8 34. Qc5 Qa1+ 35. Kd2 Qb2+ 36. Ke1 Red7 37. Qc2 Qa3 38. Rc1 Qa5+ 39. Kf1 Qb5+ 40.
Kg2 1-0

[Event "*** SCC Grand Prix: Titled Tuesday Blitz"]
[Site "Chess.com"]
[Date "2020.10.13"]
[Round "10"]
[White "WuinaterJr"]
[Black "allvim"]
[Result "1/2-1/2"]
[WhiteElo "2519"]
[BlackElo "2333"]
[TimeControl "180+1"]
[EndTime "11:54:44 PDT"]
[Termination "Game drawn by repetition"]

1. d4 Nf6 2. c4 e5 3. Nf3 e4 4. Nfd2 c6 5. e3 d5 6. Nc3 Bd6 7. Be2 O-O 8. O-O Re8 9. a3 a5 10. Rb1 Bf5 11. c5 Bc7 12. b4 axb4 13. axb4 b6 14.
cxb6 Bxb6 15. Nb3 Nbd7 16. Nc5 Nxc5 17. bxc5 Bc7 18. Na4 h5 19. Bd2 h4 20. Nb6 Rb8 21. Ba5 Nd7 22. Nxd7 Qxd7 23. Bxc7 Qxc7 24. Qc2 Re6 25.
Rxb8+ Qxb8 26. Rb1 Qd8 27. Bf1 Rg6 28. f4 h3 29. g3 Bg4 30. Rb6 Qa8 31. Qb2 Qa4 32. Qb3 Qa1 33. Qb2 Qa4 34. Qb3 Qa1 35. Qb2 Qa4 1/2-1/2

[Event "*** SCC Grand Prix: Titled Tuesday Blitz"]
[Site "Chess.com"]
[Date "2020.10.13"]
[Round "10"]
[White "Guenplen"]
[Black "Tayson_7"]
[Result "1-0"]
[WhiteElo "2868"]
[BlackElo "2633"]
[TimeControl "180+1"]
[EndTime "11:54:45 PDT"]
[Termination "Guenplen won on time"]

1. d4 Nf6 2. Bf4 g6 3. c3 Bg7 4.
h3 d6 5. Nd2 O-O 6. Ngf3 Nc6 7.
e4 e5 8. dxe5 dxe5 9. Be3 Qe7 10. Bb5 Rd8 11. Qc2 Ne8 12. O-O Nd6 13. Bxc6 bxc6 14.
Rfd1 a5 15. a4 Ba6 16. b4 Nc4 17. Nxc4 Bxc4 18. Bc5 Qe8 19. Rxd8 Qxd8 20. Rd1 Qe8 21. Nd2 Qe6 22. Nxc4 Qxc4 23. Qd3 Qb3 24. bxa5 Bf6 25. a6 Qxa4 26. a7 Kg7 27. Rb1 h6 28. Qd7 h5 29. Rb8 Rxa7 30. Bf8+ 1-0

[Event "*** SCC Grand Prix: Titled Tuesday Blitz"]
[Site "Chess.com"]
[Date "2020.10.13"]
[Round "10"]
[White "Grieve72"]
[Black "Falcon28dz"]
[Result "0-1"]
[WhiteElo "2447"]
[BlackElo "2321"]
[TimeControl "180+1"]
[EndTime "11:54:45 PDT"]
[Termination "Falcon28dz won on time"]

1. e4 e6 2. d4 d5 3. Nd2 Nf6 4. e5 Nfd7 5. Bd3 c5 6. c3 Nc6 7.
Ne2 cxd4 8. cxd4 f6 9. exf6 Nxf6 10. O-O Bd6 11. Nf3 O-O 12. Bf4 Bxf4 13. Nxf4 Ne4 14. g3 Ng5 15. Re1 Nxf3+ 16. Qxf3 Nxd4 17. Qh5 Nf5 18. Rxe6 Bxe6 19. Nxe6 Qf6 20. Nxf8 Rxf8 21. Bxf5 Qxf5 22. Qxf5 Rxf5 23. Rc1 g5 24. Rc8+ Kg7 25. Rc7+ Rf7 26. Rxf7+ Kxf7 27. f3 Ke6 28. Kf2 Ke5 29. Ke3 a5 30. a4 h5 31. Kd3 d4 32. h3 h4 33. f4+ gxf4 34. gxh4 f3 35. h5 Kf6 36. h4 Kg7 0-1

[Event "*** SCC Grand Prix: Titled Tuesday Blitz"]
[Site "Chess.com"]
[Date "2020.10.13"]
[Round "10"]
[White "Alexander_Moskalenko"]
[Black "tptagain"]
[Result "0-1"]
[WhiteElo "2815"]
[BlackElo "2875"]
[TimeControl "180+1"]
[EndTime "11:54:48 PDT"]
[Termination "tptagain won on time"]

1. e4 c6 2. Nc3 g6 3. Nf3 Bg7 4. g3 d5 5. Bg2 Nf6 6. Qe2 d4 7. Nd1 c5 8. d3 Nc6 9. O-O e5 10. a4 O-O 11. Ne1 Ne8 12. f4 exf4 13. gxf4 f5 14. e5 Be6 15. Nf2 Bd5 16. Bd2 Nc7 17.
c4 dxc3 18. bxc3 Bxg2 19. Nxg2 Qd7 20. Be3 b6 21. Rfd1 Nd5 22. Bd2 Nd8 23. h4 Ne6 24. Qf3 Rfd8 25. h5 Bh6 26. hxg6 hxg6 27. Nh3 Kf7 28.
Rac1 Qxa4 29. Kf2 Qd7 30. Rh1 Rh8 31. Ke2 b5 32. Kf2 a5 33. Ne3 Ndxf4 34. Nxf5 Nxd3+ 35. Kg2 gxf5 36. Qxf5+ Ke8 37. Qg6+ Qf7 38. Qxd3 Rg8+ 39. Kh2 Bxd2 40. Qxd2 Rd8 41. Qe2 Qh7 42. Qxb5+ Ke7 43. Qb7+ Rd7 44. Qf3 Rd2+ 0-1

[Event "*** SCC Grand Prix: Titled Tuesday Blitz"]
[Site "Chess.com"]
[Date "2020.10.13"]
[Round "10"]
[White "QuintilianoR"]
[Black "GMSrinath"]
[Result "1-0"]
[WhiteElo "2642"]
[BlackElo "2791"]
[TimeControl "180+1"]
[EndTime "11:54:49 PDT"]
[Termination "QuintilianoR won on time"]

1. d4 Nf6 2. c4 e6 3. Nf3 d5 4. Nc3 Bb4 5. Bg5 h6 6. Bxf6 Qxf6 7. Qa4+ Nc6 8. e3 O-O 9. Rc1 Rd8 10. a3 Bxc3+ 11.
Rxc3 e5 12. cxd5 Rxd5 13. dxe5 Nxe5 14. Qe8+ Kh7 15. Be2 c6 16. O-O Nxf3+ 17. Bxf3 Rd8 18. Qe4+ Bf5 19. Qb4 Rd7 20. Qa5 a6 21. Qb4 a5 22.
Qc5 a4 23. Rc4 Bd3 24. Rb4 Bxf1 25. Kxf1 g6 26. h3 Kg7 27. Qc2 b5 28. Rf4 Qd6 29. Qxc6 Qd3+ 30. Kg1 Rad8 31. Qf6+ Kg8 32. h4 Qd6 33.
Qc3 Qe6 34. h5 g5 35. Rf6 Qb3 36. Qe5 Qd3 37. Rxh6 1-0

[Event "*** SCC Grand Prix: Titled Tuesday Blitz"]
[Site "Chess.com"]
[Date "2020.10.13"]
[Round "10"]
[White "Kotofeyca"]
[Black "tylityli"]
[Result "1-0"]
[WhiteElo "2346"]
[BlackElo "2207"]
[TimeControl "180+1"]
[EndTime "11:54:51 PDT"]
[Termination "Kotofeyca won on time"]

1. d4 Nf6 2. c4 e6 3. Nf3 d5 4.
Nc3 dxc4 5. e4 b5 6. e5 Nd5 7.
Nxb5 Nb6 8. Bg5 Bb4+ 9. Nc3 Qd5 10. g3 Nc6 11. Bg2 Qe4+ 12. Be3 Nd5 13. Qd2 Qd3 14.
Qxd3 cxd3 15. Rc1 Ba6 16. a3 Bxc3+ 17. bxc3 Rb8 18. Bf1 Nb6 19. Rd1 Na5 20. Bxd3 Bxd3 21. Rxd3 Nbc4 22. O-O Nxa3 23. Ra1 N3c4 24. Nd2 Nxd2 25.
Bxd2 Nb3 26. Rxa7 Kd7 27. c4 Nxd2 28. Rxd2 Rb1+ 29. Kg2 Rhb8 30. d5 R8b4 31. d6 Rxc4 32. dxc7+ Ke7 33. c8=Q+ 1-0

[Event "*** SCC Grand Prix: Titled Tuesday Blitz"]
[Site "Chess.com"]
[Date "2020.10.13"]
[Round "10"]
[White "aloe_normansen"]
[Black "ajedrezhoy"]
[Result "0-1"]
[WhiteElo "2333"]
[BlackElo "2242"]
[TimeControl "180+1"]
[EndTime "11:54:52 PDT"]
[Termination "ajedrezhoy won on time"]

1. e4 Nf6 2. e5 Nd5 3. d4 d6 4.
Nf3 dxe5 5. Nxe5 g6 6. c4 Nb6 7.
Nc3 Bg7 8. Bf4 O-O 9. Be2 Nc6 10. Nxc6 bxc6 11. Be3 Be6 12. d5 cxd5 13. c5 d4 14. cxb6 axb6 15. Bf3 Ra5 16. O-O dxe3 17. Qe2 exf2+ 18.
Kh1 Bxc3 19. bxc3 Qd6 20. Rxf2 Qc5 21. Qd2 Ra3 22. Be4 Qxc3 23. Qd1 Bg4 24. Qf1 Qd4 25. Re1 Be6 26. Bb1 Re3 27. Rd1 Qe5 28. h3 Kg7 29.
Rc1 Rd8 30. Bc2 Rd4 31. Bb3 Bxb3 32. axb3 f5 33. Ra1 Rde4 34. Rd2 Re1 35. Rxe1 Rxe1 0-1

[Event "*** SCC Grand Prix: Titled Tuesday Blitz"]
[Site "Chess.com"]
[Date "2020.10.13"]
[Round "10"]
[White "northridgehawk"]
[Black "PowerThinking2650"]
[Result "0-1"]
[WhiteElo "2235"]
[BlackElo "2373"]
[TimeControl "180+1"]
[EndTime "11:54:53 PDT"]
[Termination "PowerThinking2650 won by resignation"]

1. e4 e5 2. Nf3 Nc6 3. Bb5 a6 4. Ba4 Nf6 5. d3 b5 6. Bb3 Be7 7. Nc3 d6 8. Nd5 O-O 9. c3 Na5 10. Bc2 Nxd5 11. exd5 c5 12. b4 Nb7 13. a4 Bd7 14.
O-O f5 15. Qe2 Bf6 16. Bd2 cxb4 17. cxb4 e4 18. dxe4 Bxa1 19. Rxa1 fxe4 20. Bxe4 Qf6 21. Rc1 Rac8 22. Rxc8 Rxc8 23. axb5 Bxb5 24. Qe1 h6 25. h3 Nd8 26. Qb1 Nf7 27. Bf5 Rc7 28. Be6 Kh8 29. Be3 Ne5 30. Nd4 Nc4 31. Qe4 Nxe3 32. fxe3 Rc1+ 33. Kh2 Qe5+ 34. Qxe5 dxe5 35. Nf3 e4 36.
Nd2 Re1 37. Nxe4 Rxe3 38. Nc5 Bc4 39. Kg1 Re1+ 40. Kf2 Rb1 41. Ke3 Rxb4 42. Kd4 Bb5+ 43. Ke5 a5 44. d6 a4 45. Ne4 a3 46. Nc3 Bc6 47. g4 Rb2 48. Kd4 Rc2 49. Kd3 Rh2 50.
g5 hxg5 51. Kc4 a2 52. Nxa2 Rxa2 53. Kc5 Rc2+ 54. Kb6 g6 55. d7 Bxd7 56. Bxd7 Kg7 57.
Bg4 Rc3 58. Kb5 Kf6 59. Kb4 Re3 60. Kc4 Ke5 61. Bd7 Kf4 62. Kd4 Re1 63. Bc8 Rd1+ 64. Kc3 Rc1+ 65. Kd2 Rxc8 0-1

[Event "*** SCC Grand Prix: Titled Tuesday Blitz"]
[Site "Chess.com"]
[Date "2020.10.13"]
[Round "10"]
[White "Balla_Tamas"]
[Black "tk22h"]
[Result "0-1"]
[WhiteElo "2436"]
[BlackElo "2327"]
[TimeControl "180+1"]
[EndTime "11:54:54 PDT"]
[Termination "tk22h won by resignation"]

1. d4 Nf6 2. c4 g6 3. Nc3 d5 4. cxd5 Nxd5 5. e4 Nxc3 6. bxc3 Bg7 7. Be3 c5 8. Bc4 O-O 9. Ne2 Nc6 10. d5 Na5 11.
Bd3 e6 12. c4 Bxa1 13. Qxa1 exd5 14. exd5 b5 15. Bh6 f6 16. Bxf8 Kxf8 17. cxb5 c4 18. Be4 Qe7 19. Bf3 Qb4+ 20. Qc3 Qxc3+ 21. Nxc3 Bf5 22. Kd2 Rd8 23. Re1 Nb7 24. Ke3 Re8+ 25. Kd2 Rxe1 26. Kxe1 Ke7 27. Kd2 Kd6 28. Ne4+ Bxe4 29.
Bxe4 f5 30. Bf3 Kc5 31. Kc3 Nd6 32. a4 g5 33. g3 h6 34. Bg2 Nf7 35. Bh3 Nd6 36.
Bg2 Nf7 37. Bh1 Nd6 38. h3 Nf7 39. Bf3 Ne5 40. Be2 f4 41. gxf4 gxf4 42. Bg4 Kxd5 43. Bh5 Kc5 44. Be8 Nd3 45. Bf7 Nxf2 46. Bxc4 Nxh3 47.
Be6 Ng5 48. Bg4 Ne4+ 49. Kc2 Kb4 50. Bf3 Nc5 51. Kd2 Kxa4 52. Bc6 Kb4 53. Ke2 Kc4 54. Kf3 Ne6 55. Bd7 Kd5 56. Bxe6+ Kxe6 57. Kxf4 Kd5 58.
Kg4 Kc5 59. Kh5 Kxb5 60. Kxh6 Kc4 61. Kg5 a5 62. Kf4 a4 63. Ke3 Kc3 64. Ke2 Kc2 65. Ke3 a3 0-1

[Event "*** SCC Grand Prix: Titled Tuesday Blitz"]
[Site "Chess.com"]
[Date "2020.10.13"]
[Round "10"]
[White "nochewycandy"]
[Black "zmeeed67"]
[Result "1-0"]
[WhiteElo "2537"]
[BlackElo "2353"]
[TimeControl "180+1"]
[EndTime "11:55:00 PDT"]
[Termination "nochewycandy won on time"]

1. e4 Nc6 2. Bc4 d6 3. Qh5 g6 4. Qe2 Nd4 5. Qd1 Bg7 6. c3 Nc6 7. d4 Nf6 8. Qe2 e5 9. d5 Ne7 10. f3 Nh5 11. g3 O-O 12. Bd3 c6 13. c4 cxd5 14. cxd5 a6 15. Nc3 b5 16. a3 Rb8 17.
Be3 Bd7 18. Na2 a5 19. Qd2 f5 20. Ne2 f4 21. gxf4 exf4 22. Bd4 Bxd4 23. Nxd4 Qb6 24. Qf2 Bh3 25. Rg1 Kh8 26. Bxb5 Rbc8 27. Nc3 Qc5 28. Nc6 Nxc6 29. Qxc5 dxc5 30. dxc6 Nf6 31. O-O-O Kg7 32. e5 Nh5 33. Rd6 Rf7 34. Ne4 Bf5 35. Nxc5 Re7 36.
Re1 Rce8 37. e6 Rc8 38. Rd7 Kf6 39. Red1 Rce8 40. Rxe7 Rxe7 41. Rd7 Bxe6 42. Nxe6 Kxe6 43. Rxe7+ Kxe7 44. c7 1-0

[Event "*** SCC Grand Prix: Titled Tuesday Blitz"]
[Site "Chess.com"]
[Date "2020.10.13"]
[Round "10"]
[White "GianmarcoVaR"]
[Black "pastouche06"]
[Result "0-1"]
[WhiteElo "2585"]
[BlackElo "2485"]
[TimeControl "180+1"]
[EndTime "11:55:02 PDT"]
[Termination "pastouche06 won by resignation"]

1. d4 d5 2. c4 e6 3. Nf3 Nf6 4.
g3 dxc4 5. Bg2 Bd7 6. Ne5 Bc6 7. Nxc6 Nxc6 8. O-O Qd7 9. Qa4 Nxd4 10. Qxd7+ Nxd7 11. Bxb7 Rb8 12. Bf3 Nc2 13. Rd1 Nxa1 14. Bc6 Bd6 15.
Ba4 Ke7 16. Nc3 Nc5 17. Bb5 Nc2 18. Bxc4 Nb4 19. a3 Nc6 20. b4 Nd7 21. Bb5 Nce5 22. f4 Ng6 23. e4 Nb6 24. e5 Nxe5 25. fxe5 Bxe5 26. Ne4 Rhd8 27. Re1 Nd5 28. Bc6 Nc3 29. Ng5 Rd1 30. Rxd1 Nxd1 31. b5 Bb2 32. Bf4 e5 33. Bd2 Bxa3 34. Kf1 f6 35. Ne4 Nb2 36.
Ba5 Bd6 37. g4 Nc4 38. Bc3 Ne3+ 39. Ke2 Nxg4 40. h3 Nh6 41. Bd2 Nf5 42. Kd3 Nd4 43.
Kc4 Nxc6 44. b6 cxb6 45. Bb4 Bxb4 46. Nxf6 gxf6 47. Kd5 Nd4 48. h4 Rd8+ 49. Ke4 Ke6 50. h5 f5+ 0-1

[Event "*** SCC Grand Prix: Titled Tuesday Blitz"]
[Site "Chess.com"]
[Date "2020.10.13"]
[Round "10"]
[White "SilviusTiberius"]
[Black "alexgo05"]
[Result "1/2-1/2"]
[WhiteElo "2583"]
[BlackElo "2455"]
[TimeControl "180+1"]
[EndTime "11:55:04 PDT"]
[Termination "Game drawn by repetition"]

1. e4 d6 2. d4 Nf6 3. Nc3 Nbd7 4. Nge2 e5 5. g3 Be7 6. Bg2 O-O 7. O-O c6 8. a4 b6 9. h3 Re8 10. g4 h6 11. Ng3 Nf8 12. Nf5 Ng6 13. Re1 a6 14.
Be3 Qc7 15. Qd2 Nh7 16. Rad1 Bg5 17. dxe5 dxe5 18. Qd6 Qb7 19. a5 b5 20. Bb6 Nf4 21. Nb1 Be6 22. Bf1 h5 23. Nd2 hxg4 24. hxg4 Nf6 25. f3 Bxf5 26. gxf5 Bh4 27. Nb3 Bxe1 28.
Rxe1 Qe7 29. Qxe7 Rxe7 30. Rd1 Nd7 31. Be3 g5 32. Kf2 f6 33. c4 Kg7 34. cxb5 cxb5 35. Nc5 Nxc5 36. Bxc5 Rc7 37. b4 Rh8 38. Rd6 Ra8 39.
Rb6 Kf7 40. Ke3 Rd7 41. Be2 Rh8 42. Rxa6 Rh2 43. Bxb5 Rdd2 44. Ra7+ Kg8 45. Bc4+ Kh8 46.
Ra8+ Kh7 47. Ra7+ Kh8 48. Ra8+ Kg7 49. Ra7+ Kh8 1/2-1/2

[Event "*** SCC Grand Prix: Titled Tuesday Blitz"]
[Site "Chess.com"]
[Date "2020.10.13"]
[Round "10"]
[White "queen_iryna"]
[Black "parintele_chess"]
[Result "1-0"]
[WhiteElo "2308"]
[BlackElo "2151"]
[TimeControl "180+1"]
[EndTime "11:55:05 PDT"]
[Termination "queen_iryna won by resignation"]

1. e4 c5 2. Nf3 Nc6 3. Bb5 e6 4. O-O Nge7 5. Re1 g6 6. c3 Bg7 7.
d4 cxd4 8. cxd4 d5 9. e5 O-O 10. a4 a6 11. Bf1 Nf5 12. Nc3 f6 13. g4 Nh6 14. g5 fxg5 15. Bxg5 Qe8 16. Bg2 Nf5 17. h4 h6 18. Be3 Qe7 19. h5 g5 20.
Qd2 g4 21. Nh2 Qh4 22. Rad1 Qxh5 23. Ne2 Qg6 24. Nf4 Qf7 25. Nxg4 Nxe3 26. fxe3 Qf5 27. Nh2 Kh8 28. Nf3 Rg8 29. Nh4 Qg4 30. Nhg6+ Kh7 31. Qc2 Qf5 32. Qxf5 exf5 33. Nh4 Bd7 34. Nxd5 Nxe5 35.
dxe5 Bxe5 36. Nf3 Bg3 37. Nf6+ Kg6 38. Nxg8 Bxe1 39. Nxe1 1-0

[Event "*** SCC Grand Prix: Titled Tuesday Blitz"]
[Site "Chess.com"]
[Date "2020.10.13"]
[Round "10"]
[White "IngOscarArdila"]
[Black "AndreyNeves"]
[Result "1-0"]
[WhiteElo "2165"]
[BlackElo "2257"]
[TimeControl "180+1"]
[EndTime "11:55:05 PDT"]
[Termination "IngOscarArdila won by checkmate"]

1. d4 d5 2. c4 e6 3. cxd5 exd5 4. Nc3 c6 5. Nf3 Bf5 6. Bg5 Be7 7. Bxe7 Nxe7 8. e3 Nd7 9. Be2 O-O 10. O-O h6 11. a3 a5 12. b4 axb4 13. axb4 b5 14. Qb3 Qc7 15. Rfc1 Qb7 16. Ra5 Rxa5 17. bxa5 Ra8 18. Qb4 Nc8 19. Ra1 Ra6 20. Na4 Qc7 21. Nc5 Nxc5 22.
dxc5 Ne7 23. Nd4 Bd7 24. h3 Ng6 25. f4 Qd8 26. g3 Bxh3 27. Bxb5 cxb5 28. Qxb5 Ra8 29.
a6 Qd7 30. c6 Qg4 31. Kf2 h5 32. Qb7 Rxa6 33. Qxa6 h4 34. Rg1 hxg3+ 35. Rxg3 Qh4 36. c7 Ne7 37. Qa8+ Kh7 38. Qf8 Ng6 39. Qxf7 Bf5 40. Nxf5 Qh2+ 41. Rg2 Qh5 42. Qxg7# 1-0

[Event "*** SCC Grand Prix: Titled Tuesday Blitz"]
[Site "Chess.com"]
[Date "2020.10.13"]
[Round "10"]
[White "Nikita_Klepikov"]
[Black "zurzan"]
[Result "1-0"]
[WhiteElo "2253"]
[BlackElo "1997"]
[TimeControl "180+1"]
[EndTime "11:55:06 PDT"]
[Termination "Nikita_Klepikov won on time"]

1. e4 Nf6 2. e5 Nd5 3. d4 d6 4. c4 Nb6 5. exd6 cxd6 6. Nc3 g6 7.
Be3 Bg7 8. Rc1 O-O 9. b3 e5 10. dxe5 dxe5 11. Qxd8 Rxd8 12. c5 Nd5 13. Rd1 Be6 14. Bc4 Nc6 15. Nxd5 Bxd5 16. Bxd5 Nd4 17. Bxd4 exd4 18. Bxb7 Re8+ 19. Ne2 Rad8 20. Ba6 Re5 21.
c6 Rc5 22. Rc1 Rxc1+ 23. Nxc1 Be5 24. Nd3 Bc7 25. O-O f6 26. Bc4+ Kf8 27. Nc5 Ke7 28. Re1+ Kd6 29. Nb7+ Kxc6 30. Nxd8+ Bxd8 31. b4 Bb6 32. Re7 f5 33. Rxh7 Kd6 34. Rg7 Ke5 35. Rxg6 Ke4 36.
Re6+ Kf4 37. g3+ Kg5 38. h4+ 1-0